 Dungeon Crawl Stone Soup version 0.18-a0-1788-g92de1ac (webtiles) character file.

1026 Moloch the Slicer (level 8, 0/54 HPs)
             Began as a Halfling Berserker on Apr 19, 2016.
             Was a Priest of Trog.
             Killed from afar by a starcursed mass (9 damage)
             ... with an accursed screaming
             ... on level 1 of the Abyss.
             The game lasted 00:08:11 (4701 turns).

Moloch the Slicer (Halfling Berserker)              Turns: 4701, Time: 00:08:12

Health: 0/54       AC:  5    Str: 19    XL:     8   Next: 47%
Magic:  8/8        EV: 17    Int:  6    God:    Trog [***...]
Gold:   254        SH:  0    Dex: 14    Spells: 0 memorised, 7 levels left

rFire  . . .     SeeInvis .     a - +0 short sword
rCold  + . .     Gourm    .     b - +0 animal skin
rNeg   . . .     Faith    .     (shield restricted)
rPois  +         Spirit   .     (no helmet)
rElec  .         Dismiss  .     (no cloak)
rCorr  .         Reflect  .     (no gloves)
SustAt .         Harm     .     (no boots)
MR     .....                    (no amulet)
Stlth  +.........               y - +3 ring of protection
                                h - ring of protection from cold

@: very slightly contaminated, non-regenerating, diseased, invisible, not
resistant to hostile enchantments, very unstealthy
A: clumsy 1, mutation resistance 1, poison resistance, strong 1
a: Berserk, Trog's Hand, Burn Spellbooks, Renounce Religion


You were on level 1 of the Abyss.
You worshipped Trog.
Trog was most pleased with you.
You were not hungry.

You visited 1 branch of the dungeon, and saw 5 of its levels.
You visited the Abyss 1 time.

You collected 254 gold pieces.

Inventory:

Hand Weapons
 a - a +0 short sword (weapon)
Missiles
 k - a throwing net (quivered)
Armour
 b - a +0 animal skin (worn)
Jewellery
 h - a ring of protection from cold (left hand)
 y - a +3 ring of protection (right hand)
Scrolls
 d - 6 scrolls of remove curse {unknown}
 g - 4 scrolls of identify {unknown}
 i - 5 scrolls of immolation {unknown}
 j - a scroll of teleportation {unknown}
 m - a scroll of amnesia {unknown}
 n - 2 scrolls of recharging {unknown}
 o - a scroll of blinking {unknown}
 q - a scroll of random uselessness {unknown}
 r - a scroll of fear {unknown}
Potions
 e - a potion of curing
 f - a potion of agility {unknown}
 p - a potion of lignification {unknown}
 s - a potion of flight {unknown}
 t - 2 potions of invisibility
 w - a potion of mutation {unknown}
 x - a potion of haste {unknown}
Comestibles
 c - 5 bread rations
 l - 5 fruits


   Skills:
 + Level 3.7 Fighting
 * Level 10.9 Short Blades
 + Level 2.1 Armour
 + Level 4.8 Dodging


You had 7 spell levels left.
You didn't know any spells.

Dungeon Overview and Level Annotations

Branches:
Dungeon (5/15)             Temple (0/1) D:4

Altars:
Dithmenos
Elyvilon


Innate Abilities, Weirdness & Mutations

You are small and have problems with some larger weapons.
You are somewhat resistant to further mutation.
You are clumsy. (Dex -2)
Your system is resistant to poisons.
Your muscles are strong. (Str +2)


Message History

It was a potion of curing.
You feel better.
A starcursed mass splits.
The ancient zyme barely misses you. The ancient zyme misses you.
You feel yourself growing ill in the presence of the ancient zyme.
Drink which item? (? for menu, Esc to quit)
It was a potion of invisibility.
You fade into invisibility!
A chorus of shrieks assaults your mind. The starcursed mass engulfs you!
The ancient zyme barely misses you. The ancient zyme closely misses you.
You are very lightly contaminated with residual magic.
A starcursed mass splits.
You feel less exhausted.
A starcursed mass splits.
You feel ill.
You feel ill.
A starcursed mass splits. x2
A deafening chorus of shrieks assaults your mind!
* * * LOW HITPOINT WARNING * * *
A starcursed mass splits.
A starcursed mass splits.
A chorus of shrieks assaults your mind.
You die...

....#....#
..#.##
#......##......
#....X..# .
##.X.#.#### .
#.X####.#.# ##
#..#...XX##. .
#..#. .X...# .
#..#x X.### #
.. #.@#X.. .# #
##.......#.# #
#.#.......# #
.# ...#......##
##. .
#.#.#.##.#....
..
#.#.#.#...#.#..
# #.#.#..#..##
#. . .
#.#.##....# # .
.. . .. .


You could see 2 starcursed masses.

Vanquished Creatures
  An orange demon (Abyss:1)
  The ghost of barb4r1an the Twirler, an amateur DsGl (D:3)
  A sky beast (D:5)
  An ogre (D:4)
  A water moccasin skeleton (D:4)
  A howler monkey (D:5)
  2 worker ants (D:4)
  A mummy (D:4)
  A worker ant zombie (D:3)
  8 gnolls
  9 adders
  A shadow imp (D:5)
  An adder zombie (D:5)
  6 worms
  A dart slug (D:1)
  9 bats
  5 giant cockroaches
  10 goblins
  3 hobgoblins
  5 jackals (D:1)
  2 ball pythons (D:1)
  4 giant newts
  16 kobolds
  2 kobold zombies (D:4)
  2 orc zombies (D:4)
  10 rats
104 creatures vanquished.

Vanquished Creatures (others)
  A hobgoblin (D:2)
  A quokka (D:2)
2 creatures vanquished.

Grand Total: 106 creatures vanquished

Notes
Turn   | Place    | Note
--------------------------------------------------------------
     0 | D:1      | Moloch the Halfling Berserker began the quest for the Orb.
     0 | D:1      | Reached XP level 1. HP: 15/15 MP: 1/1
   286 | D:1      | Reached XP level 2. HP: 14/20 MP: 2/2
   575 | D:1      | Reached skill level 5 in Short Blades
   719 | D:1      | Reached XP level 3. HP: 24/25 MP: 3/3
   971 | D:2      | Reached ** piety under Trog
  1308 | D:2      | Reached skill level 6 in Short Blades
  1308 | D:2      | Reached XP level 4. HP: 30/30 MP: 4/4
  1479 | D:2      | Found a white marble altar of Elyvilon.
  1614 | D:2      | Reached skill level 7 in Short Blades
  1614 | D:2      | Reached XP level 5. HP: 20/35 MP: 5/5
  2038 | D:3      | Noticed barb4r1an's ghost (amateur DsGl)
  2050 | D:3      | Killed barb4r1an's ghost
  2050 | D:3      | Reached skill level 8 in Short Blades
  2050 | D:3      | Reached XP level 6. HP: 39/41 MP: 6/6
  2149 | D:3      | Reached skill level 9 in Short Blades
  2195 | D:3      | Found a shadowy altar of Dithmenos.
  2203 | D:3      | Reached *** piety under Trog
  3123 | D:4      | Found a staircase to the Ecumenical Temple.
  3216 | D:4      | Noticed an ogre
  3219 | D:4      | Killed an ogre
  3219 | D:4      | Reached XP level 7. HP: 45/45 MP: 7/7
  4250 | D:5      | Entered Level 5 of the Dungeon
  4369 | D:5      | Reached skill level 10 in Short Blades
  4530 | D:5      | Reached XP level 8. HP: 43/52 MP: 8/8
  4535 | D:5      | Gained mutation: Your muscles are strong. (Str +2) [mutagenic meat]
  4536 | D:5      | Gained mutation: Your system is resistant to poisons. [mutagenic meat]
  4537 | D:5      | Gained mutation: You are clumsy. (Dex -2) [mutagenic meat]
  4590 | D:5      | Cast into level 1 of the Abyss (gnoll)
  4639 | Abyss:1  | Noticed an orange demon
  4656 | Abyss:1  | Killed an orange demon
  4676 | Abyss:1  | Noticed a starcursed mass
  4677 | Abyss:1  | Noticed an ancient zyme
  4701 | Abyss:1  | Killed from afar by a starcursed mass

Vault maps used:
D:1:      minmay_arrival_solitary_statue, minivault_11
D:2:      nicolae_overflow_hidden_temple, elyvilon_altar_4,
          kennysheep_generic_room_4
D:3:      nicolae_dithmenos_shadow_blocks, first_bread
D:4:      minmay_temple_entry_trees, minmay_mini_ossuary
D:5:      grunt_qazlal_sundering, marbit_many_paths
Abyss:1:  serial_sigils_hangedman_shear

Skill      XL: |  1  2  3  4  5  6  7 |
---------------+----------------------+-----
Short Blades   | 5 6 7 8 9 10 | 10.9
Dodging        | 4 |  4.8
Fighting       | 3 |  3.7
Armour         | |  2.1

Action                   |  1- 3 |  4- 6 |  7- 9 || total
-------------------------+-------+-------+-------++-------
Melee: Short sword       |   134 |   174 |   158 ||   466
Invok: Berserk           |     2 |     4 |     5 ||    11
  Use: Potion            |       |       |     2 ||     2
 Stab: Sleeping          |     2 |     2 |       ||     4
       Distracted        |       |     1 |     1 ||     2
  Eat: Chunk             |     2 |    12 |     9 ||    23
       Fruit             |       |       |     3 ||     3
       Beef jerky        |       |       |     1 ||     1
Armor: Animal skin       |    28 |    17 |    11 ||    56
Dodge: Dodged            |    95 |   104 |    72 ||   271
